 Dungeon Sprint DCSS version 0.31-a0-521-gc7390f8997 (webtiles) character file.

Game seed: 4219258936745339882

60 rocky1 the Ruffian (level 4, -4/54 HPs)
             Began as a Gnoll Shapeshifter on Aug 11, 2023.
             Slain by a water elemental (13 damage)
             ... in the Dungeon (Sprint III: "The Ten Rune Challenge").
             The game lasted 00:00:54 (228 turns).

rocky1 the Ruffian (Gnoll Shapeshifter)              Turns: 228, Time: 00:00:55

Health: -4/54      AC:  2    Str: 14    XL:     4   Next: 4%
Magic:  7/7        EV: 14    Int:  9    God:
Gold:   46         SH:  0    Dex: 13    Spells: 7/7 levels left

rFire   . .          .
                       - Unarmed
rCold   . . .        (no shield)
rNeg    . . .        a - +0 animal skin
rPois   .            (helmet currently unavailable)
rElec   .            (cloak currently unavailable)
rCorr   .            (gloves currently unavailable)
SInv    .            (boots currently unavailable)
Will    .....        (no amulet) Stlth
                     (no ring)
HPRegen 0.29/turn    (no ring)
MPRegen 0.10/turn

%: no teleportation
@: berserking, beast-form, engulfed (cannot breathe), very quick
A: beast (slay +4), fangs 1, strong nose, distributed training
a: Begin Untransformation


You were in the Dungeon.
You were a hulking beast.
You visited 1 branch You collected 46 gold pieces.

Inventory:

Armour
 a - a +0 animal skin (worn)
Talismans
 c - a beast talisman (active)
 d - a flux talisman
Scrolls
 j - a scroll of blinking
 k - a scroll of torment {unknown}
 l - 3 scrolls of identify
 n - a scroll of immolation {unknown}
Potions
 b - 2 potions of lignification
 e - a potion of curing
 f - 2 potions of mutation {unknown}
 g - a potion of haste
 h - 2 potions of magic
 i - a potion of berserk rage
 m - 2 potions of enlightenment {unknown}


   Skills:
 + Level 3.6 Fighting
 + Level 2.4 Short Blades
 + Level 2.4 Long Blades
 + Level 2.4 Axes
 + Level 2.4 Maces & Flails
 + Level 2.4 Polearms
 + Level 2.4 Staves
 + Level 2.4 Ranged Weapons
 + Level 2.4 Throwing
 + Level 2.4 Armour
 + Level 5.2 Dodging
 + Level 2.4 Stealth
 + Level 2.4 Shields
 + Level 7.0 Unarmed Combat
 + Level 2.4 Spellcasting
 + Level 2.0 Conjurations
 + Level 2.0 Hexes
 + Level 2.0 Summonings
 + Level 2.0 Necromancy
 + Level 2.0 Translocations
 + Level 2.0 Transmutations
 + Level 2.0 Fire Magic
 + Level 2.0 Ice Magic
 + Level 2.0 Air Magic
 + Level 2.0 Earth Magic
 + Level 2.0 Poison Magic
 + Level 2.7 Invocations
 + Level 2.4 Evocations
 + Level 6.8 Shapeshifting


You had 7 spell levels left.
You didn't know any spells.
Your spell library was empty.

Dungeon Overview and Level Annotations

Branches:
Dungeon (1/1)

Altars:


Innate Abilities, Weirdness & Mutations

You are a hulking beast.
Your limbs bulge with bestial killing power. (Slay +4)
You have very sharp teeth.
Your uncanny sense of smell can sniff out nearby items.
Your experience applies equally to all skills.


Message History

l - 3 scrolls of identify (gained 1)
i - 2 potions of berserk rage (gained 1)
m - 2 sapphire potions (gained 1)
You now have 46 gold pieces (gained 17).
Okay, then.
There is an open door here.
You open the door.
A water elemental comes into view.
Okay, then.
There is an open door to the Ecumenical Temple here.
The helpless water elemental fails to defend itself.
You hit the water elemental.
The water elemental is lightly damaged.
The water elemental hits you.
A red film seems to cover your vision as you go berserk!
You feel yourself moving faster!
You feel mighty! The water elemental hits you!!
The water elemental engulfs you in water!
You punch the water elemental!
The water elemental is heavily damaged.
Your lungs strain for air!
The water elemental closely misses you.
You barely miss the water elemental.
The water elemental is heavily damaged.
Your lungs strain for air!
You punch the water elemental!
The water elemental is severely damaged.
Your lungs strain for air!
The water elemental hits you.
* * * LOW HITPOINT WARNING * * *
You closely miss the water elemental.
The water elemental is severely damaged.
* * * LOW HITPOINT WARNING * * *
Your lungs strain for air!
You closely miss the water elemental.
The water elemental is severely damaged.
* * * LOW HITPOINT WARNING * * *
Your lungs strain for air!
The water elemental hits you!
You die...

▓▓▓▓▓▓ ▓▓▓ .#(..####
##.# .#......#####..#
##.......#..#..#∆ ∆
.##.##.).#..#..###+#+###
.##.###..##'#..#........
####.##..###...'hE......
##..##..####...#...#####
.†..##..###....#.⌠.#
#..##...##.....#...#∆
..##...†#..†...#+###
.###..##.#.....# ∆∆ .#
#.. ####....# ▓▓ ▓▓▓
▓▓▓▓▓▓


You could see a water elemental.

Vanquished Creatures
  Jessica (D)
  A human (D)
  A wolf (D)
  3 rats (D)
6 creatures vanquished.

Notes
Turn   | Place    | Note
-------+----------+-------------------------------------------
     0 | D        | rocky1 the Gnoll Shapeshifter began the quest for the Orb.
     0 | D        | Reached XP level 1. HP: 17/17 MP: 1/1
    33 | D        | Noticed Jessica
    36 | D        | Killed Jessica
    37 | D        | Reached skill level 1 in Short Blades
    37 | D        | Reached skill level 1 in Long Blades
    37 | D        | Reached skill level 1 in Axes
    37 | D        | Reached skill level 1 in Maces & Flails
    37 | D        | Reached skill level 1 in Polearms
    37 | D        | Reached skill level 1 in Staves
    37 | D        | Reached skill level 1 in Ranged Weapons
    37 | D        | Reached skill level 1 in Throwing
    37 | D        | Reached skill level 1 in Armour
    37 | D        | Reached skill level 1 in Stealth
    37 | D        | Reached skill level 1 in Shields
    37 | D        | Reached skill level 1 in Spellcasting
    37 | D        | Reached skill level 1 in Conjurations
    37 | D        | Reached skill level 1 in Hexes
    37 | D        | Reached skill level 1 in Summonings
    37 | D        | Reached skill level 1 in Necromancy
    37 | D        | Reached skill level 1 in Translocations
    37 | D        | Reached skill level 1 in Transmutations
    37 | D        | Reached skill level 1 in Fire Magic
    37 | D        | Reached skill level 1 in Ice Magic
    37 | D        | Reached skill level 1 in Air Magic
    37 | D        | Reached skill level 1 in Earth Magic
    37 | D        | Reached skill level 1 in Poison Magic
    37 | D        | Reached skill level 1 in Evocations
    37 | D        | Reached XP level 2. HP: 24/24 MP: 1/4
    37 | D        | Reached XP level 3. HP: 29/29 MP: 1/5
   105 | D        | Reached skill level 5 in Dodging
   189 | D        | Reached skill level 7 in Unarmed Combat
   189 | D        | Reached XP level 4. HP: 32/36 MP: 7/7
   219 | D        | Noticed a water elemental
   228 | D        | Slain by a water elemental

Illustrated notes

Levels and vault maps discovered:
D:        dungeon_sprint_mu [sprint_mu_entry_cave, sprint_mu_temple_rooms,
          sprint_mu_d1_spiders, sprint_mu_d2_genie, sprint_mu_d3_branching,
          sprint_mu_orc_legion, sprint_mu_elf_gauntlet, sprint_mu_hive_nellie,
          sprint_mu_lair_fedhas, sprint_mu_vaults_butterflies,
          sprint_mu_slime_circle, sprint_mu_shoals_archi,
          sprint_mu_snake_twists, sprint_mu_blade_basic, sprint_mu_crypt_lich,
          sprint_mu_tomb_spiral, sprint_mu_vestibule_basic,
          sprint_mu_gehenna_hellfire, sprint_mu_dis_giant,
          sprint_mu_tartarus_statrot, sprint_mu_cocytus_islands, sprint_mu_zot1]

Skill      XL: |  1  2  3 |
---------------+----------+-----
Fighting       | 3 |  3.6
Short Blades   | 1 2 |  2.4
Long Blades    | 1 2 |  2.4
Axes           | 1 2 |  2.4
Maces & Flails | 1 2 |  2.4
Polearms       | 1 2 |  2.4
Staves         | 1 2 |  2.4
Ranged Weapons | 1 2 |  2.4
Throwing       | 1 2 |  2.4
Armour         | 1 2 |  2.4
Stealth        | 1 2 |  2.4
Shields        | 1 2 |  2.4
Spellcasting   | 1 2 |  2.4
Conjurations   | 1 2 |  2.0
Hexes          | 1 2 |  2.0
Summonings     | 1 2 |  2.0
Necromancy     | 1 2 |  2.0
Translocations | 1 2 |  2.0
Transmutations | 1 2 |  2.0
Fire Magic     | 1 2 |  2.0
Ice Magic      | 1 2 |  2.0
Air Magic      | 1 2 |  2.0
Earth Magic    | 1 2 |  2.0
Poison Magic   | 1 2 |  2.0
Invocations    | 2 |  2.7
Evocations     | 1 2 |  2.4
Dodging        | 5 |  5.2
Unarmed Combat | 7 |  7.0
Shapeshifting  | |  6.8

Action                     |  1- 3 |  4- 6 || total
---------------------------+-------+-------++-------
  Melee: Unarmed           |    26 |     6 ||    32
         Bite              |     2 |       ||     2
         Punch             |     1 |       ||     1
    Use: Potion            |     1 |     1 ||     2
   Stab: Sleeping          |     1 |     1 ||     2
 Armour: Animal skin       |     1 |       ||     1
  Dodge: Dodged            |    14 |     1 ||    15

Table legend: (Time is in decaauts)
 A = Elapsed time spent in this place.
 B = Non-inter-level travel time spent in this place.
 C = Inter-level travel time spent in this place.
 D = Time resting spent in this place.
 E = Time spent auto-exploring this place.
 F = Levels seen in this place.
 G = Mean time per level.
                   A        B        C        D        E       F      G
               +--------+--------+--------+--------+--------+-----+--------+
         Total |    222 |    222 |      0 |    109 |      0 |   1 |  222.0 |
       Dungeon |    222 |    222 |      0 |    109 |      0 |   1 |  222.0 |
               +--------+--------+--------+--------+--------+-----+--------+

Top non-repeatable levels by time:
       D: 222 daAuts
